 Dungeon Crawl Stone Soup version 0.29.0-13-gc9e81de378 (console) character file.

Game seed: 8825888546568494999

147 shmup the Ruffian (level 5, -1/45 HPs)
             Began as a Ghoul Monk on Sept 11, 2022.
             Slain by an orc wizard
             ... wielding a +0 dagger
              (2 damage)
             ... on level 3 of the Dungeon.
             The game lasted 00:11:30 (2189 turns).

shmup the Ruffian (Ghoul Monk)                      Turns: 2189, Time: 00:11:30

Health: -1/45      AC:  2    Str: 15    XL:     5   Next: 29%
Magic:  4/4        EV: 12    Int:  5    God:
Gold:   208        SH:  0    Dex: 13    Spells: 4/4 levels left

rFire   . . .      SeeInvis .     - Unarmed
rCold   + . .      Faith    .   (no shield)
rNeg    + + +      Spirit   .   a - +0 robe
rPois   inf        Reflect  .   (no helmet)
rElec   .          Harm     .   (no cloak)
rCorr   .          Rampage  .   (no gloves)
Will    .....                   (no boots)
Stlth   ++........              k - amulet of regeneration
HPRegen 0.00/turn               (no ring)
MPRegen 0.09/turn               (no ring)

@: inhibited regen
A: claws 1, cold resistance 1, negative energy resistance 3, inhibited
regeneration, torment resistance 2, devour on kill
a: no special abilities


You were on level 3 of the Dungeon.
You visited 1 branch of the dungeon, and saw 3 of its levels.

You collected 208 gold pieces.

Inventory:

Hand Weapons
 s - a +2 rapier of venom
Missiles
 o - 12 stones (quivered)
 t - 6 poisoned darts
 w - 6 boomerangs
Armour
 a - a +0 robe (worn)
Jewellery
 k - an amulet of regeneration (around neck)
Scrolls
 e - 3 scrolls of identify {unknown}
 f - a scroll of fog {unknown}
 g - a scroll of enchant armour {unknown}
 i - a scroll of blinking {unknown}
 j - a scroll of magic mapping {unknown}
 m - 3 scrolls of teleportation {unknown}
 n - a scroll of vulnerability {unknown}
 r - a scroll of fear {unknown}
Potions
 b - a potion of ambrosia
 c - a potion of attraction {unknown}
 d - 3 potions of heal wounds {unknown}
 h - 2 potions of curing {unknown}
 l - a potion of degeneration {unknown}
 p - a potion of haste {unknown}
 q - a potion of experience {unknown}
 u - a potion of mutation {unknown}
 v - 2 potions of lignification {unknown}


   Skills:
 - Level 3.2 Fighting
 - Level 2.6 Dodging
 - Level 3.0 Stealth
 + Level 6.1 Unarmed Combat


You had 4 spell levels left.
You didn't know any spells.
Your spell library contained the following spells:

 Spells                   Type           Power      Damage    Failure   Level
 Magic Dart               Conj           0%         1d3       47%         1
 Searing Ray              Conj           0%         2d4       63%         2
 Animate Dead             Necr           0%         N/A       99%         4
 Fulminant Prism          Conj/Hex       0%         3d6       99%         4
 Borgnjor's Vile Clutch   Necr/Erth      0%         N/A       100%        5
 Death Channel            Necr           0%         N/A       100%        6


Dungeon Overview and Level Annotations

Branches:
Dungeon (3/15)

Altars:

Portals:
Abyss: D:3

Annotations:
D:3 2 transporters, Bronimir's ghost, amateur GrMo


Innate Abilities, Weirdness & Mutations

You are immune to poison.
You have sharp fingernails.
Your flesh is cold resistant. (rC+)
You are immune to negative energy. (rN+++)
You do not regenerate when monsters are visible.
You are immune to unholy pain and torment.
You thrive by killing the living.


Message History

You claw the dart slug!
You kill the dart slug!
You see here a dart slug corpse.
Unknown command.
v - 2 pink potions
w - 6 boomerangs You now have 208 gold pieces (gained 9).
The orc wizard shouts!
You hear a shout!
The orc wizard gestures at you while chanting.
The puff of flame hits you!
An orc priest comes into view. It is wielding a +0 short sword.
The orc wizard closely misses you. The orc priest hits you with a +0 club.
The orc priest shouts!
You scratch the orc priest.
The orc priest is lightly wounded.
The orc wizard gestures at you while chanting.
The magic dart hits you!
The orc priest hits you but does no damage.
You barely miss the orc priest.
The orc priest is lightly wounded.
The orc priest invokes the aid of Beogh against you.
Beogh smites you!
* * * LOW HITPOINT WARNING * * *
The orc priest hits you with a +0 club.
* * * LOW HITPOINT WARNING * * *
The orc wizard misses you.
The orc priest invokes the aid of Beogh against you.
Beogh smites you!
* * * LOW HITPOINT WARNING * * *
The orc wizard closely misses you. The goblin barely misses you.
The orc priest calls upon Beogh to heal the orc priest.
The orc priest's wounds heal themselves!
The orc priest hits you with a +0 club.
* * * LOW HITPOINT WARNING * * *
You claw the orc priest!
The orc priest is heavily wounded.
The goblin closely misses you.
The orc wizard hits you with a +0 dagger.
You die...

.▒ ▒▒.. .▒.▒. .▒ ▒...▒▒▒5▒▒. .▒
......▒▒▒.. .▒ ........... .▒ ▒
........... .......▒ .▒▒▒▒▒.▒.▒
...▒▒▒.▒ ..▒<...▒..
...▒G▒.▒▒▒▒▒▒▒▒▒▒▒▒ ▒.▒▒▒▒▒▒▒▒
...▒▒▒............▒▒▒▒▒▒.▒▒▒ ▒▒
...............o...........▒▒▒▒▒.
.o...........o..n..........▒...[.
.......▒.▒▒▒▒▒▒▒og.........▒.▒▒▒)
.▒▒▒... ▒...........▒..... .▒
▒..▒ ▒...........▒▒▒... ▒.▒
▒...........▒ ▒..▒ ..
▒...........▒ ▒..▒ ▒▒
▒........)..▒▒▒..▒
▒.............▒..▒
▒...........▒.▒..▒
▒............<▒...
▒.............▒▒.▒


You could see 2 orc priests, an orc wizard and a goblin.

Vanquished Creatures
  An orc priest (D:2)
  An orc wizard (D:3)
  3 adders (D:2)
  2 dart slugs
  8 orcs
  4 endoplasms
  2 giant cockroaches
  2 goblins (D:3)
  9 hobgoblins
  2 quokkas (D:3)
  4 ball pythons
  3 bats
  7 kobolds
  7 rats
55 creatures vanquished.

Notes
Turn   | Place    | Note
-------+----------+-------------------------------------------
     0 | D:1      | shmup the Ghoul Monk began the quest for the Orb.
     0 | D:1      | Reached XP level 1. HP: 19/19 MP: 0/0
   225 | D:1      | Reached XP level 2. HP: 26/26 MP: 1/1
   254 | D:1      | Reached skill level 4 in Unarmed Combat
   728 | D:2      | Reached XP level 3. HP: 31/31 MP: 2/2
  1085 | D:2      | Reached skill level 5 in Unarmed Combat
  1457 | D:3      | Reached XP level 4. HP: 38/38 MP: 3/3
  1909 | D:3      | Reached skill level 6 in Unarmed Combat
  1909 | D:3      | Reached XP level 5. HP: 33/45 MP: 4/4
  1963 | D:3      | Found a faded altar of an unknown god.
  1963 | D:3      | Noticed a shining eye
  2036 | D:3      | Found a one-way gate to the infinite horrors of the Abyss.
  2036 | D:3      | Noticed Bronimir's ghost (amateur GrMo)
  2039 | D:3      | Found a transporter.
  2045 | D:3      | Found a transporter.
  2188 | D:3      | HP: 1/45 [orc priest/+0 club (4)]
  2189 | D:3      | Slain by an orc wizard

Illustrated notes

Levels and vault maps discovered:
D:1:      grunt_arrival_lava_bath, layout_basic, minmay_misc_feat_tower,
          hex_medium, grunt_decor_one_mirror
D:2:      layout_basic, kennysheep_generic_room_16
D:3:      layout_basic, hellmonk_ecumenical_altar_watching_god,
          gammafunk_ghost_abyssal_escape

Skill      XL: |  1  2  3  4 |
---------------+-------------+-----
Unarmed Combat | 4 5 6 |  6.1
Stealth        | 3 |  3.0
Fighting       | |  3.2
Dodging        | |  2.6

Action                   |  1- 3 |  4- 6 || total
-------------------------+-------+-------++-------
Melee: Unarmed           |    75 |    75 ||   150
       Punch             |     3 |     2 ||     5
 Stab: Sleeping          |     8 |     2 ||    10
Armor: Robe              |    15 |    11 ||    26
Dodge: Dodged            |    44 |    36 ||    80
